 Dungeon Crawl Stone Soup version 0.29-a0-322-g68df515428 (webtiles) character file.

Game seed: 3427999463923345534

1131 oblizorion1 the Poker (level 8, -6/70 HPs)
             Began as a Hill Orc Fighter on Apr 8, 2022.
             Was a Follower of Makhleb.
             Mangled by a gnoll
             ... wielding a +0 halberd
              (10 damage)
             ... on level 5 of the Dungeon.
             The game lasted 00:21:52 (6770 turns).

oblizorion1 the Poker (Hill Orc Fighter)            Turns: 6770, Time: 00:21:52

Health: -6/70      AC: 14    Str: 19    XL:     8   Next: 36%
Magic:  0/8        EV:  5    Int:  8    God:    Makhleb [*.....]
Gold:   260        SH:  5    Dex: 12    Spells: 7/7 levels left

rFire   . . .      SeeInvis .   a - +0 trident
rCold   . . .      Faith    .   c - +0 buckler
rNeg    . . .      Spirit   +   o - +0 plate armour
rPois   .          Reflect  .   (no helmet)
rElec   .          Harm     .   j - +1 cloak
rCorr   .          Rampage  .   (no gloves)
Will    .....                   (no boots)
Stlth   ..........              m - amulet of guardian spirit
HPRegen 0.21/turn               v - ring of flight
MPRegen 0.11/turn               (no ring)

@: flying
A: no striking features
a: Renounce Religion


You were on level 5 of the Dungeon.
You worshipped Makhleb.
Makhleb was aware of your devotion.
You visited 1 branch of the dungeon, and saw 6 of its levels.

You collected 260 gold pieces.

Inventory:

Hand Weapons
 a - a +0 trident (weapon)
 b - a +2 dagger of holy wrath
 q - a +0 war axe
Missiles
 l - 2 javelins (quivered)
 r - 6 poisoned darts
Armour
 c - a +0 buckler (worn)
 j - a +1 cloak (worn)
 o - a +0 plate armour (worn)
Magical Staves
 B - a staff of conjuration
Jewellery
 m - an amulet of guardian spirit (around neck)
 v - a ring of flight (left hand)
 y - an amulet of faith
Scrolls
 d - a scroll of summoning {unknown}
 e - 2 scrolls of fog
 f - 4 scrolls of enchant weapon
 g - 3 scrolls of teleportation
 h - 2 scrolls of holy word {unknown}
 p - a scroll of brand weapon {unknown}
 t - 2 scrolls of identify
 u - 2 scrolls of vulnerability {unknown}
Potions
 i - a potion of berserk rage {unknown}
 k - a potion of attraction {unknown}
 n - a potion of haste {unknown}
 w - a potion of flight {unknown}
 x - a potion of mutation {unknown}
 z - a potion of degeneration {unknown}
 A - a potion of cancellation {unknown}


   Skills:
 + Level 5.8 Fighting
 + Level 7.5 Polearms
 + Level 0.8 Throwing
 + Level 5.8 Armour
 + Level 0.9 Dodging
 + Level 0.5 Stealth
 + Level 4.6 Shields


You had 7 spell levels left.
You didn't know any spells.
Your spell library contained the following spells:

 Spells                   Type           Power      Damage    Failure   Level
 Foxfire                  Conj/Fire      0%         2x1d4     100%        1
 Conjure Flame            Conj/Fire      0%         6-21      100%        3
 Inner Flame              Hex/Fire       0%         N/A       100%        3
 Flame Wave               Conj/Fire      0%         2d4       100%        4
 Borgnjor's Revivificati  Necr           0%         N/A       100%        8
 Necromutation            Tmut/Necr      0%         N/A       100%        8
 Death's Door             Necr           0%         N/A       100%        9


Dungeon Overview and Level Annotations

Branches:
Dungeon (6/15)             Temple (0/1) D:5

Altars:
Makhleb

Shops:
D:3 (


Message History

The gnoll hits you from afar with a +0 halberd.
The gnoll sergeant hits you with a +0 spear.
The gnoll barely misses you.
The gnoll shaman calls upon its god to speed up the gnoll.
The gnoll seems to speed up.
You fly upwards.
There is a stone staircase leading down here.
You hit the gnoll sergeant but do no damage.
The gnoll barely misses you. x2
The gnoll sergeant hits you with a +0 spear!
You puncture the gnoll sergeant!
The gnoll sergeant is moderately wounded.
The gnoll hits you with a +0 halberd. You block the gnoll's attack.
The gnoll sergeant hits you with a +0 spear!
* * * LOW HITPOINT WARNING * * *
You block the gnoll's attack.
You barely miss the gnoll sergeant.
The gnoll sergeant is moderately wounded.
The gnoll hits you but does no damage. The gnoll closely misses you.
The gnoll sergeant hits you with a +0 spear!
* * * LOW HITPOINT WARNING * * *
You barely miss the gnoll sergeant.
The gnoll sergeant is moderately wounded.
You block the gnoll's attack. The gnoll hits you but does no damage.
The gnoll sergeant barely misses you. The gnoll hits you with a +0 halberd!
* * * LOW HITPOINT WARNING * * *
You closely miss the gnoll sergeant.
The gnoll sergeant is moderately wounded.
The gnoll hits you but does no damage. You block the gnoll's attack.
The gnoll sergeant hits you but does no damage.
You hit the gnoll sergeant but do no damage.
The gnoll sergeant is moderately wounded.
The gnoll closely misses you. The gnoll hits you with a +0 halberd.
* * * LOW HITPOINT WARNING * * *
You block the gnoll sergeant's attack. The gnoll hits you with a +0 halberd.
* * * LOW HITPOINT WARNING * * *
You hit the gnoll sergeant.
The gnoll sergeant is moderately wounded.
You block the gnoll's attack. The gnoll hits you with a +0 halberd!
You die...

.......................# ##....
.......................# ##..#
.......................# ##....
..............)........#####.....
................#.......##.......
........................?........
..................###............
.................## ##...#####...
................@g# #...#####...
...............g)g####.....#.....
.......................##........
.......................####......
...................##..# ###....
..................###..# ##...
..................###..### ##.<.
#..................##....####....
...........................#..###


You could see a gnoll sergeant and 2 gnolls.

Vanquished Creatures
  Sigmund (D:2)
  A black bear (D:5)
  An ogre (D:5)
  A phantom (D:5)
  A necrophage (D:4)
  A scorpion (D:5)
  2 hounds
  5 orc priests
  An iguana (D:4)
  6 orc wizards
  2 gnolls (D:5)
  6 adders
  4 ufetubi
  A dart slug (D:1)
  27 orcs
  6 endoplasms
  3 giant cockroaches
  7 goblins
  8 hobgoblins
  A jackal (D:2)
  5 quokkas
  10 ball pythons
  11 bats
  6 frilled lizards
  6 kobolds
  A rat (D:3)
124 creatures vanquished.

Vanquished Creatures (others)
  5 plants (D:6)
5 creatures vanquished.

Grand Total: 129 creatures vanquished

Notes
Turn   | Place    | Note
-------+----------+-------------------------------------------
     0 | D:1      | oblizorion1 the Hill Orc Fighter began the quest for the
                  | Orb.
     0 | D:1      | Reached XP level 1. HP: 19/19 MP: 1/1
   271 | D:1      | Reached XP level 2. HP: 27/27 MP: 2/2
  1193 | D:2      | Found a burning altar of Makhleb.
  1206 | D:2      | Reached XP level 3. HP: 30/33 MP: 3/3
  1347 | D:2      | Found a faded altar of an unknown god.
  1373 | D:2      | Reached skill level 3 in Polearms
  1396 | D:2      | Noticed Sigmund
  1425 | D:2      | Killed Sigmund
  1426 | D:2      | Reached skill level 4 in Polearms
  1426 | D:2      | Reached XP level 4. HP: 3/40 MP: 4/4
  1426 | D:2      | Reached XP level 5. HP: 3/46 MP: 5/5
  1921 | D:2      | Reached XP level 6. HP: 50/52 MP: 6/6
  2239 | D:3      | Found Biest's Antique Weapon Shoppe.
  3251 | D:3      | Reached skill level 5 in Polearms
  3364 | D:3      | Found a burning altar of Makhleb.
  3373 | D:3      | Became a worshipper of Makhleb the Destroyer
  3925 | D:4      | Reached skill level 5 in Armour
  3925 | D:4      | Reached XP level 7. HP: 53/60 MP: 7/7
  4229 | D:4      | Reached * piety under Makhleb
  4256 | D:4      | Reached skill level 6 in Polearms
  4303 | D:4      | Reached skill level 5 in Fighting
  4946 | D:5      | Entered Level 5 of the Dungeon
  4999 | D:5      | Reached XP level 8. HP: 47/68 MP: 5/8
  5328 | D:5      | Reached skill level 7 in Polearms
  5328 | D:5      | Found a staircase to the Ecumenical Temple.
  6770 | D:5      | Mangled by a gnoll

Illustrated notes

Levels and vault maps discovered:
D:1:      wander_arrival_lonely_grave, layout_basic
D:2:      layout_basic, dreamdust_ecumenical_altar_angels_and_demons,
          basic_altar, minmay_pentomino_p2, uniq_sigmund
D:3:      layout_loops_ring, lemuel_coloured_pillars_altar, serial_shops,
          nicolae_diamond_shop
D:4:      layout_loops_ring
D:5:      layout_layer_cave, minmay_temple_entry_stoned_glass
D:6:      layout_gridville, nicolae_grassy_gnolls, uniq_menkaure

Skill      XL: |  1  2  3  4  5  6  7  8 |
---------------+-------------------------+-----
Polearms       | 4 5 6 7 |  7.5
Fighting       | 4 5 |  5.8
Armour         | 4 5 |  5.8
Shields        | 4 |  4.6
Throwing       | |  0.8
Dodging        | |  0.9
Stealth        | |  0.5

Action                   |  1- 3 |  4- 6 |  7- 9 || total
-------------------------+-------+-------+-------++-------
Melee: Trident           |    81 |   222 |   165 ||   468
Throw: Javelin           |     2 |     2 |       ||     4
       Boomerang         |       |       |    22 ||    22
  Use: Scroll            |     4 |     1 |     1 ||     6
       Potion            |       |       |     4 ||     4
Armor: Scale mail        |    20 |       |       ||    20
       Chain mail        |    37 |    10 |       ||    47
       Plate armour      |       |   164 |    97 ||   261
Dodge: Dodged            |    35 |    72 |    32 ||   139
Block: Buckler           |    17 |    72 |    35 ||   124

Table legend: (Time is in decaauts)
 A = Elapsed time spent in this place.
 B = Non-inter-level travel time spent in this place.
 C = Inter-level travel time spent in this place.
 D = Time resting spent in this place.
 E = Time spent auto-exploring this place.
 F = Levels seen in this place.
 G = Mean time per level.
                   A        B        C        D        E       F      G
               +--------+--------+--------+--------+--------+-----+--------+
         Total |   6823 |   6580 |    243 |   2152 |   2609 |   6 | 1137.2 |
       Dungeon |   6823 |   6580 |    243 |   2152 |   2609 |   6 | 1137.2 |
               +--------+--------+--------+--------+--------+-----+--------+

Top non-repeatable levels by time:
     D:5: 1782 daAuts
     D:3: 1549 daAuts
     D:4: 1245 daAuts
     D:2: 1150 daAuts
     D:1: 1047 daAuts
     D:6: 47 daAuts
